 Dungeon Crawl Stone Soup version 0.27.1-34-g3ba077fa99 (webtiles) character file.

Game seed: 905432842236519487

2968 zeram the Nimble (level 9, -5/39 HPs)
             Began as a Spriggan Conjurer on Jan 16, 2022.
             Was an Initiate of Gozag.
             Slain by a steam dragon (11 damage)
             ... on level 7 of the Dungeon.
             The game lasted 00:22:31 (10076 turns).

zeram the Nimble (Spriggan Conjurer)               Turns: 10076, Time: 00:22:31

Health: -5/39      AC:  2    Str:  3    XL:     9   Next: 52%
Magic:  23/23      EV: 26    Int: 22    God:    Gozag
Gold:   672        SH:  0    Dex: 20    Spells: 17/26 levels left

rFire    . . .     SeeInvis +   f - staff of conjuration
rCold    . . .     Faith    .   (shield currently unavailable)
rNeg     . . .     Spirit   .   a - +0 robe
rPois    +         Reflect  .   (helmet restricted)
rElec    .         Harm     .   (no cloak)
rCorr    .         Rampage  .   (gloves unavailable)
Will     +....                  (boots unavailable)
Stlth    +++.......             (no amulet)
HPRegen  0.13/turn              o - ring of poison resistance
MPRegen  0.18/turn              g - +6 ring of dexterity

@: about to teleport, very quick
A: very small, no large weapons, unfitting armour, see invisible, speed 3
a: Renounce Religion, Potion Petition, Call Merchant, Bribe Branch


You were on level 7 of the Dungeon.
You worshipped Gozag.
Gozag was pleased with you.
You visited 2 branches of the dungeon, and saw 8 of its levels.

You collected 761 gold pieces.
You paid 89 gold pieces to Gozag.

Inventory:

Hand Weapons
 c - a +0 club
 d - a +0 whip
 e - a +0 dagger
Armour
 a - a +0 robe (worn)
Magical Staves
 f - a staff of conjuration (weapon)
Jewellery
 g - a +6 ring of dexterity (right hand)
 i - a +4 ring of protection
 o - a ring of poison resistance (left hand)
 v - a ring of flight
 y - a ring of positive energy
Wands
 h - a wand of flame (18)
 r - a wand of mindburst (10)
 t - a wand of charming (5)
 w - a wand of digging (1)
Scrolls
 b - 2 scrolls of fear
 l - 3 scrolls of amnesia
 s - a scroll of magic mapping
Potions
 j - 3 potions of attraction
 k - a potion of curing
 m - 2 potions of haste
 n - 2 potions of mutation
 p - a potion of invisibility
 u - a potion of lignification
 x - a potion of experience {unknown}
 z - a potion of ambrosia {unknown}
 A - a potion of brilliance {unknown}
 B - a potion of flight {unknown}


   Skills:
 + Level 10.8 Dodging
 - Level 3.0 Stealth
 + Level 9.2 Spellcasting
 + Level 6.5 Conjurations


You had 17 spell levels left.
You knew the following spells:

 Your Spells              Type           Power      Damage    Failure   Level
a - Magic Dart            Conj           100%       1d8       1%          1
b - Searing Ray           Conj           100%       3d7       1%          2
c - Dazzling Flash        Conj/Hex       72%        N/A       5%          3
d - Vampiric Draining     Necr           5%         2d6       21%         3

Your spell library contained the following spells:

 Spells                   Type           Power      Damage    Failure   Level
 Animate Skeleton         Necr           20%        N/A       7%          1
 Pain                     Necr           40%        1d6       7%          1
 Fulminant Prism          Conj/Hex       18%        3d11      17%         4
 Iskenderun's Mystic Bla  Conj/Tloc      36%        2d9       17%         4
 Summon Lightning Spire   Summ/Air       10%        N/A       54%         4
 Storm Form               Tmut/Air       5%         N/A       100%        7
 Maxwell's Capacitive Co  Air            5%         ∞         100%        8


Dungeon Overview and Level Annotations

Branches:
Dungeon (7/15)             Temple (1/1) D:5

Altars:
Ashenzari
Elyvilon
Fedhas
Gozag
Hepliaklqana
Kikubaaqudgha
Makhleb
Nemelex Xobeh
Okawaru
Ru
Sif Muna
Trog
Uskayaw
Vehumet
Wu Jian
Xom
Yredelemnul
Zin
The Shining One

Shops:
D:2 [


Innate Abilities, Weirdness & Mutations

You are very small and have problems with some larger weapons.
You are too small for most types of armour.
You have supernaturally acute eyesight. (SInv)
You cover ground extremely quickly. (Speed+++)


Message History

A wyvern zombie comes into view.
A wyvern zombie is nearby!
Unknown command.
A wyvern zombie is nearby!
A wyvern zombie is nearby!
A wyvern zombie is nearby!
There is an open door here.
A steam dragon comes into view.
The wyvern zombie bites you but does no damage.
You hit the wyvern zombie.
The wyvern zombie is lightly damaged.
The wyvern zombie bites you!
You hit the wyvern zombie.
The wyvern zombie is moderately damaged.
The wyvern zombie barely misses you.
You hit the steam dragon but do no damage.
The steam dragon breathes steam at you. The ball of steam hits you!!
* * * LOW HITPOINT WARNING * * *
Casting: Searing Ray (safe; 1% risk of failure)
Confirm with . or Enter, or press ? or * to list all spells.
You don't know that spell.
Casting: Searing Ray (safe; 1% risk of failure)
Confirm with . or Enter, or press ? or * to list all spells.
Okay, then.
Okay, then.
You feel better.
You are engulfed in a cloud of scalding steam.
The steam dragon closely misses you. x2
As you read the scroll of teleportation, it crumbles to dust.
You feel strangely unstable.
You are engulfed in a cloud of scalding steam.
* * * LOW HITPOINT WARNING * * *
The steam dragon closely misses you. The steam dragon completely misses you.
You feel better.
You are engulfed in a cloud of scalding steam.
* * * LOW HITPOINT WARNING * * *
The steam dragon bites you!
You die...
Your body crumbles into a pile of gold.

# .# ##.# ##.# ...#
##+## ...# ##...## ##.#
##.....## #
##.###.......## .##.#
.#.##.........####......
....'.........§§@DZ.....
.#.##.........####...#.#
.#.###.......## .## .#.#
##.....## .. ...#
##...## ## .### ##+## .#
$ .#


You could see a steam dragon (catching breath) and a wyvern zombie.

Vanquished Creatures
  Prince Ribbit (D:6)
  A steam dragon (D:7)
  Duvessa (D:6)
  A black bear (D:4)
  A necrophage (D:7)
  2 sky beasts (D:6)
  3 ogres
  A centaur (D:6)
  3 phantoms
  A kobold brigand (D:6)
  A gnoll sergeant (D:5)
  A wyvern zombie (D:5)
  6 scorpions
  A water moccasin zombie (D:5)
  Dowan (D:6)
  A water moccasin skeleton (D:5)
  A gnoll shaman (D:5)
  An orc priest (D:4)
  A bullfrog skeleton (D:4)
  2 centaur skeletons (D:6)
  4 hounds
  2 iguanas
  Ijyb (D:3)
  Natasha (thrice) (D:3)
  6 orc wizards
  A killer bee zombie (D:5)
  A hound skeleton (D:4)
  6 adders
  15 gnolls
  A white imp (D:6)
  An adder skeleton (D:4)
  3 dart slugs
  19 orcs
  5 ball pythons
  9 endoplasms
  5 giant cockroaches
  7 goblins
  7 hobgoblins
  6 jackals (D:1)
  16 kobolds
  3 quokkas
  13 bats
  4 frilled lizards (D:1)
  6 rats
175 creatures vanquished.

Vanquished Creatures (others)
  8 fungi (D:6)
8 creatures vanquished.

Grand Total: 183 creatures vanquished

Notes
Turn   | Place    | Note
-------+----------+-------------------------------------------
     0 | D:1      | zeram the Spriggan Conjurer began the quest for the Orb.
     0 | D:1      | Reached XP level 1. HP: 9/9 MP: 5/5
   448 | D:1      | Reached XP level 2. HP: 13/13 MP: 3/6
   451 | D:1      | Learned a level 2 spell: Searing Ray
  1151 | D:1      | Reached XP level 3. HP: 16/16 MP: 1/8
  1152 | D:1      | Reached skill level 3 in Dodging
  1429 | D:1      | Learned a level 3 spell: Dazzling Flash
  1998 | D:2      | Found Zoukk's Armour Shop.
  3112 | D:4      | Reached XP level 4. HP: 21/21 MP: 5/9
  3143 | D:4      | Noticed a scorpion
  3221 | D:3      | Noticed Natasha
  3230 | D:3      | Noticed Ijyb
  3405 | D:3      | Reached skill level 4 in Dodging
  3627 | D:3      | Found a white marble altar of Elyvilon.
  3791 | D:3      | Killed Ijyb
  3792 | D:3      | Reached XP level 5. HP: 21/24 MP: 2/11
  4233 | D:3      | Killed Natasha
  4394 | D:3      | Noticed Natasha
  4410 | D:3      | Killed Natasha
  4411 | D:3      | Reached skill level 5 in Dodging
  4548 | D:3      | Noticed Natasha
  4552 | D:3      | Killed Natasha
  4553 | D:3      | Reached XP level 6. HP: 26/28 MP: 6/13
  4807 | D:4      | Reached skill level 6 in Dodging
  5019 | D:4      | Reached skill level 5 in Spellcasting
  5019 | D:4      | Reached XP level 7. HP: 12/32 MP: 5/15
  5486 | D:4      | Reached skill level 7 in Dodging
  5826 | D:5      | Entered Level 5 of the Dungeon
  6005 | D:5      | Reached skill level 8 in Dodging
  6147 | D:5      | Reached XP level 8. HP: 36/36 MP: 13/18
  6149 | D:5      | Reached skill level 5 in Conjurations
  6369 | D:5      | Found a staircase to the Ecumenical Temple.
  6440 | Temple   | Entered the Ecumenical Temple
  6568 | Temple   | Became a worshipper of Gozag Ym Sagoz the Greedy
  7081 | D:5      | Reached skill level 9 in Dodging
  8244 | D:6      | Noticed Prince Ribbit
  8253 | D:6      | Killed Prince Ribbit
  8433 | D:6      | Reached XP level 9. HP: 15/39 MP: 9/22
  8627 | D:6      | Reached skill level 10 in Dodging
  9180 | D:6      | Found a broken altar of Ashenzari.
  9550 | D:6      | Learned a level 3 spell: Vampiric Draining
  9556 | D:6      | Noticed Duvessa
  9560 | D:6      | Noticed Dowan
  9566 | D:6      | Killed Dowan
  9732 | D:6      | Killed Duvessa
 10076 | D:7      | Slain by a steam dragon

Illustrated notes

Levels and vault maps discovered:
D:1:      lemuel_arrival_hallway, layout_loops_ring
D:2:      layout_loops_ring, serial_shops, shop
D:3:      layout_loops_ring, mainiacjoe_overflow_alcove_2, uniq_ijyb,
          uniq_natasha
D:4:      layout_cave_pools, hangedman_decor_push, minmay_joined_circles
D:5:      layout_layer_cave, temple_fountains
D:6:      old_forge, layout_cave_pods, mainiacjoe_overflow_brackets,
          uniq_prince_ribbit1, uniq_duvessa
D:7:      layout_loops_corners, gammafunk_ghost_icy
Temple:   minmay_crystal_spiral_temple

Skill      XL: |  1  2  3  4  5  6  7  8  9 |
---------------+----------------------------+-----
Conjurations   | 3 4 5 6 |  6.5
Dodging        | 3 4 5 6 8 9 10 | 10.8
Spellcasting   | 3 4 5 6 8 9 |  9.2
Stealth        | |  3.0

Action                   |  1- 3 |  4- 6 |  7- 9 || total
-------------------------+-------+-------+-------++-------
Melee: Unarmed           |    39 |       |       ||    39
       Whip              |     5 |       |       ||     5
       Staff             |    85 |    38 |    13 ||   136
       Dagger            |    22 |       |       ||    22
 Cast: Magic Dart        |    41 |    22 |    12 ||    75
       Searing Ray       |    11 |    28 |    64 ||   103
  Use: Scroll            |     5 |     3 |     6 ||    14
       Potion            |     1 |       |     2 ||     3
 Stab: Sleeping          |     6 |     2 |     2 ||    10
Armor: Robe              |    35 |    17 |    11 ||    63
Dodge: Dodged            |   188 |    73 |   109 ||   370
